 Dungeon Crawl Stone Soup version 0.29.0-10-g45618ea6d2 (webtiles) character file.

Game seed: 10798207204953574301

346 Tiocfaidh the Chopper (level 6, -4/53 HPs)
             Began as a Draconian Berserker on Sept 1, 2022.
             Was a Priest of Trog.
             Slain by a river rat (5 damage)
             ... in a sewer.
             The game lasted 00:17:49 (3998 turns).

Tiocfaidh the Chopper (Draconian Berserker)         Turns: 3998, Time: 00:17:49

Health: -4/53      AC:  6    Str: 21    XL:     6   Next: 32%
Magic:  6/6        EV: 13    Int:  8    God:    Trog [***...]
Gold:   99         SH:  0    Dex: 10    Spells: 5/5 levels left

rFire   . . .      SeeInvis .   j - +1 hand axe (vorpal)
rCold   . . .      Faith    .   (no shield)
rNeg    . . .      Spirit   .   (body armour unavailable)
rPois   .          Reflect  .   (helmet restricted)
rElec   .          Harm     .   (no cloak)
rCorr   .          Rampage  .   (no gloves)
Will    .....                   (no boots)
Stlth   +.........              a - amulet of the acrobat
HPRegen 0.17/turn               (no ring)
MPRegen 0.10/turn               (no ring)

@: very slow
A: AC +6, unfitting armour, cold-blooded
a: Renounce Religion, Berserk, Trog's Hand


You were in a sewer.
You worshipped Trog.
Trog was most pleased with you.
You visited 1 branch of the dungeon, and saw 4 of its levels.
You also visited: Sewer.

You collected 99 gold pieces.

Inventory:

Hand Weapons
 j - a +1 vorpal hand axe (weapon)
Missiles
 d - 9 poisoned darts (quivered)
Jewellery
 a - an amulet of the acrobat (around neck)
Scrolls
 e - a scroll of magic mapping {unknown}
 f - a scroll of noise {unknown}
 g - 2 scrolls of teleportation
 m - a scroll of identify {unknown}
 n - a scroll of enchant weapon {unknown}
Potions
 b - 2 potions of flight {unknown}
 c - 2 potions of mutation {unknown}
 h - a potion of might {unknown}
 i - a potion of haste {unknown}
 k - a potion of brilliance {unknown}
 l - a potion of ambrosia {unknown}


   Skills:
 + Level 4.4 Fighting
 + Level 5.4 Axes
 + Level 0.2 Throwing
 + Level 4.1 Dodging
 + Level 0.9 Stealth


You had 5 spell levels left.
You didn't know any spells.
Your spell library was empty.

Dungeon Overview and Level Annotations

Branches:
Dungeon (4/15)              Sewer (1/1)
 Temple: D:4-7

Altars:
Dithmenos
Qazlal
Vehumet
Wu Jian


Innate Abilities, Weirdness & Mutations

Your plain brown scales are hard. (AC +6)
You cannot fit into any form of body armour.
You are cold-blooded and may be slowed by cold attacks.


Message History

Your unstable footing causes you to fumble your attack.
The river rat closely misses you. x2
You hit the river rat but do no damage.
The river rat is almost dead.
You hit the river rat but do no damage. The river rat closely misses you.
The river rat bites you.
Your unstable footing causes you to fumble your attack.
The river rat bites you. The river rat closely misses you.
You hit the river rat but do no damage.
The river rat is lightly wounded.
You barely miss the river rat.
The river rat bites you but does no damage.
The river rat bites you!
Your unstable footing causes you to fumble your attack.
The river rat barely misses you. The river rat closely misses you.
The river rat bites you.
* * * LOW HITPOINT WARNING * * *
The river rat bites you but does no damage.
You hit the river rat.
Your tail-slap misses the river rat.
The river rat is severely wounded.
You hit the river rat but do no damage. The river rat closely misses you.
The river rat barely misses you.
Your unstable footing causes you to fumble your attack.
The river rat bites you.
* * * LOW HITPOINT WARNING * * *
The river rat misses you.
Your unstable footing causes you to fumble your attack.
The river rat misses you. The river rat bites you.
* * * LOW HITPOINT WARNING * * *
You closely miss the river rat.
The river rat is severely wounded.
You barely miss the river rat.
The river rat bites you but does no damage.
The river rat bites you.
* * * LOW HITPOINT WARNING * * *
You hit the river rat.
You kill the river rat!
Trog accepts your kill.
You closely miss the river rat. The river rat bites you.
You die...

. ..####################
....≈≈≈≈≈~≈~.~≈≈≈≈≈#.###
...~~≈~≈≈~~~~≈~~≈≈≈....#
...~~≈~~~≈≈≈≈≈≈#~~≈~....
...~~~r@~≈≈≈≈≈≈~≈~~~....
...~~≈~≈≈≈≈≈≈≈≈≈≈≈~.....
##.#≈≈≈≈≈≈≈≈≈≈≈≈≈≈≈.....
# ##################...
##.. ##. #† ##. ##..


You could see a river rat.

Vanquished Creatures
  A black bear (D:4)
  A hound (D:4)
  An orc priest (D:3)
  2 orc wizards (D:3)
  4 river rats (Sewer)
  3 adders
  2 worms
  8 orcs
  7 endoplasms
  2 giant cockroaches (D:1)
  5 goblins
  8 hobgoblins
  4 jackals (D:1)
  4 kobolds
  2 quokkas (D:3)
  12 ball pythons
  4 bats
  2 frilled lizards
  17 rats
89 creatures vanquished.

Notes
Turn   | Place    | Note
-------+----------+-------------------------------------------
     0 | D:1      | Tiocfaidh the Draconian Berserker began the quest for the
                  | Orb.
     0 | D:1      | Reached XP level 1. HP: 19/19 MP: 1/1
   545 | D:1      | Reached XP level 2. HP: 25/26 MP: 2/2
   783 | D:1      | Found a faded altar of an unknown god.
   791 | D:1      | Reached ** piety under Trog
  1060 | D:2      | Reached XP level 3. HP: 21/33 MP: 3/3
  1298 | D:2      | Found an ornate altar of the Wu Jian Council.
  2624 | D:3      | Reached skill level 4 in Axes
  2624 | D:3      | Reached XP level 4. HP: 38/40 MP: 4/4
  2659 | D:3      | Noticed an ogre
  2725 | D:3      | Found a stormy altar of Qazlal.
  2733 | D:3      | Found a shadowy altar of Dithmenos.
  2772 | D:3      | Found a radiant altar of Vehumet.
  3041 | D:3      | HP: 2/40 [orc priest/divine providence (9)]
  3052 | D:3      | Reached XP level 5. HP: 11/46 MP: 5/5
  3676 | D:4      | Found a glowing drain.
  3686 | D:4      | Noticed a black bear
  3704 | D:4      | Killed a black bear
  3705 | D:4      | Reached skill level 5 in Axes
  3705 | D:4      | Reached XP level 6. HP: 27/53 MP: 6/6
  3792 | Sewer    | Entered a sewer
  3941 | Sewer    | Reached *** piety under Trog
  3997 | Sewer    | HP: 1/53 [river rat (4)]
  3998 | Sewer    | Slain by a river rat

Illustrated notes

Levels and vault maps discovered:
D:1:      dpeg_arrival_fog, layout_loops_ring,
          hellmonk_ecumenical_altar_lost_god
D:2:      mumra_celtic_spiral_tile, layout_rooms, basic_altar
D:3:      layout_loops_ring, amcnicky_altar_gilded, mainiacjoe_overflow_swirl
D:4:      layout_cave_pools, good_gods_mini_temple,
          nicolae_sif_muna_little_library, temple_fountains, serial_shops,
          nicolae_stop_n_shop_1, cheibrodos_sewer_entry_drain, serial_glass,
          glass_columns_b, glass_columns_b, uniq_crazy_yiuf_cottage
Sewer:    sewer_minmay_w

Skill      XL: |  1  2  3  4  5  6 |
---------------+-------------------+-----
Dodging        | 3 4 |  4.1
Axes           | 4 5 |  5.4
Fighting       | 4 |  4.4
Throwing       | |  0.2
Stealth        | |  0.9

Action                   |  1- 3 |  4- 6 || total
-------------------------+-------+-------++-------
Melee: Hand axe          |   143 |    82 ||   225
       Tailslap          |    19 |    13 ||    32
       War axe           |     3 |    43 ||    46
Throw: Dart              |     3 |       ||     3
  Use: Potion            |       |     3 ||     3
       Scroll            |       |     1 ||     1
Armor: Skin              |    46 |    53 ||    99
Dodge: Dodged            |   105 |   123 ||   228
